Workbook

Sheet Ввод
A1: Показатель | B1: Значение | C1: Комментарий
A2: Средний чек, ₽ | B2: 3500
A3: Клиентов в 1-й месяц | B3: 200
A4: Рост клиентов в месяц | B4: 0.06
A5: Себестоимость, % от выручки | B5: 0.35
A6: Аренда, ₽/мес | B6: 80000
A7: ФОТ, ₽/мес | B7: 220000
A8: Взносы на ФОТ | B8: 0.3
A9: Маркетинг, ₽/мес | B9: 50000
A10: Прочие расходы, ₽/мес | B10: 30000
A11: Налог, % от выручки (УСН «Доходы») | B11: 0.06 | C11: Ставка — пример, проверьте свою: регион, режим, НДС
A12: Стартовые вложения, ₽ | B12: 900000
A13: Собственные средства на старте, ₽ | B13: 1200000
A15: Меняйте значения в колонке «Значение» — лист «План» пересчитается сам. Полная версия с кредитом, амортизацией, NPV/IRR и 60 месяцами — онлайн: levitsky-c.ru/instrumenty/konstruktor-biznes-plana

Sheet План
A1: Статья | B1: Мес. 1 | C1: Мес. 2 | D1: Мес. 3 | E1: Мес. 4 | F1: Мес. 5 | G1: Мес. 6 | H1: Мес. 7 | I1: Мес. 8 | J1: Мес. 9 | K1: Мес. 10 | L1: Мес. 11 | M1: Мес. 12 | N1: Итого
A2: Клиенты | B2: ==Ввод!$B$3 | C2: ==B2*(1+Ввод!$B$4) | D2: ==C2*(1+Ввод!$B$4) | E2: ==D2*(1+Ввод!$B$4) | F2: ==E2*(1+Ввод!$B$4) | G2: ==F2*(1+Ввод!$B$4) | H2: ==G2*(1+Ввод!$B$4) | I2: ==H2*(1+Ввод!$B$4) | J2: ==I2*(1+Ввод!$B$4) | ... M2: ==L2*(1+Ввод!$B$4) | N2: ==SUM(B2:M2)
A3: Выручка | B3: ==B2*Ввод!$B$2 | C3: ==C2*Ввод!$B$2 | D3: ==D2*Ввод!$B$2 | E3: ==E2*Ввод!$B$2 | F3: ==F2*Ввод!$B$2 | G3: ==G2*Ввод!$B$2 | H3: ==H2*Ввод!$B$2 | I3: ==I2*Ввод!$B$2 | ... M3: ==M2*Ввод!$B$2 | N3: ==SUM(B3:M3)
A4: Себестоимость | B4: ==B3*Ввод!$B$5 | C4: ==C3*Ввод!$B$5 | D4: ==D3*Ввод!$B$5 | E4: ==E3*Ввод!$B$5 | F4: ==F3*Ввод!$B$5 | G4: ==G3*Ввод!$B$5 | H4: ==H3*Ввод!$B$5 | I4: ==I3*Ввод!$B$5 | ... M4: ==M3*Ввод!$B$5 | N4: ==SUM(B4:M4)
A5: Валовая прибыль | B5: ==B3-B4 | C5: ==C3-C4 | D5: ==D3-D4 | E5: ==E3-E4 | F5: ==F3-F4 | G5: ==G3-G4 | H5: ==H3-H4 | I5: ==I3-I4 | ... M5: ==M3-M4 | N5: ==SUM(B5:M5)
A6: Аренда | B6: ==Ввод!$B$6 | C6: ==Ввод!$B$6 | D6: ==Ввод!$B$6 | E6: ==Ввод!$B$6 | F6: ==Ввод!$B$6 | G6: ==Ввод!$B$6 | H6: ==Ввод!$B$6 | I6: ==Ввод!$B$6 | ... M6: ==Ввод!$B$6 | N6: ==SUM(B6:M6)
A7: ФОТ | B7: ==Ввод!$B$7 | C7: ==Ввод!$B$7 | D7: ==Ввод!$B$7 | E7: ==Ввод!$B$7 | F7: ==Ввод!$B$7 | G7: ==Ввод!$B$7 | H7: ==Ввод!$B$7 | I7: ==Ввод!$B$7 | ... M7: ==Ввод!$B$7 | N7: ==SUM(B7:M7)
A8: Взносы | B8: ==B7*Ввод!$B$8 | C8: ==C7*Ввод!$B$8 | D8: ==D7*Ввод!$B$8 | E8: ==E7*Ввод!$B$8 | F8: ==F7*Ввод!$B$8 | G8: ==G7*Ввод!$B$8 | H8: ==H7*Ввод!$B$8 | I8: ==I7*Ввод!$B$8 | ... M8: ==M7*Ввод!$B$8 | N8: ==SUM(B8:M8)
A9: Маркетинг | B9: ==Ввод!$B$9 | C9: ==Ввод!$B$9 | D9: ==Ввод!$B$9 | E9: ==Ввод!$B$9 | F9: ==Ввод!$B$9 | G9: ==Ввод!$B$9 | H9: ==Ввод!$B$9 | I9: ==Ввод!$B$9 | ... M9: ==Ввод!$B$9 | N9: ==SUM(B9:M9)
A10: Прочие | B10: ==Ввод!$B$10 | C10: ==Ввод!$B$10 | D10: ==Ввод!$B$10 | E10: ==Ввод!$B$10 | F10: ==Ввод!$B$10 | G10: ==Ввод!$B$10 | H10: ==Ввод!$B$10 | I10: ==Ввод!$B$10 | ... M10: ==Ввод!$B$10 | N10: ==SUM(B10:M10)
A11: Операционная прибыль | B11: ==B5-SUM(B6:B10) | C11: ==C5-SUM(C6:C10) | D11: ==D5-SUM(D6:D10) | E11: ==E5-SUM(E6:E10) | F11: ==F5-SUM(F6:F10) | G11: ==G5-SUM(G6:G10) | H11: ==H5-SUM(H6:H10) | I11: ==I5-SUM(I6:I10) | ... M11: ==M5-SUM(M6:M10) | N11: ==SUM(B11:M11)
A12: Налог | B12: ==B3*Ввод!$B$11 | C12: ==C3*Ввод!$B$11 | D12: ==D3*Ввод!$B$11 | E12: ==E3*Ввод!$B$11 | F12: ==F3*Ввод!$B$11 | G12: ==G3*Ввод!$B$11 | H12: ==H3*Ввод!$B$11 | I12: ==I3*Ввод!$B$11 | ... M12: ==M3*Ввод!$B$11 | N12: ==SUM(B12:M12)
A13: Чистая прибыль | B13: ==B11-B12 | C13: ==C11-C12 | D13: ==D11-D12 | E13: ==E11-E12 | F13: ==F11-F12 | G13: ==G11-G12 | H13: ==H11-H12 | I13: ==I11-I12 | ... M13: ==M11-M12 | N13: ==SUM(B13:M13)
A14: Накопленная прибыль | B14: ==B13 | C14: ==B14+C13 | D14: ==C14+D13 | E14: ==D14+E13 | F14: ==E14+F13 | G14: ==F14+G13 | H14: ==G14+H13 | I14: ==H14+I13 | J14: ==I14+J13 | ... M14: ==L14+M13
A15: ДДС: остаток на начало | B15: ==Ввод!$B$13-Ввод!$B$12 | C15: ==B18 | D15: ==C18 | E15: ==D18 | F15: ==E18 | G15: ==F18 | H15: ==G18 | I15: ==H18 | J15: ==I18 | ... M15: ==L18
A16: ДДС: поступления | B16: ==B3 | C16: ==C3 | D16: ==D3 | E16: ==E3 | F16: ==F3 | G16: ==G3 | H16: ==H3 | I16: ==I3 | ... M16: ==M3
A17: ДДС: выплаты | B17: ==B4+SUM(B6:B10)+B12 | C17: ==C4+SUM(C6:C10)+C12 | D17: ==D4+SUM(D6:D10)+D12 | E17: ==E4+SUM(E6:E10)+E12 | F17: ==F4+SUM(F6:F10)+F12 | G17: ==G4+SUM(G6:G10)+G12 | H17: ==H4+SUM(H6:H10)+H12 | I17: ==I4+SUM(I6:I10)+I12 | ... M17: ==M4+SUM(M6:M10)+M12 | N17: ==SUM(B17:M17)
A18: ДДС: остаток на конец | B18: ==B15+B16-B17 | C18: ==C15+C16-C17 | D18: ==D15+D16-D17 | E18: ==E15+E16-E17 | F18: ==F15+F16-F17 | G18: ==G15+G16-G17 | H18: ==H15+H16-H17 | I18: ==I15+I16-I17 | ... M18: ==M15+M16-M17 | N18: ==SUM(B18:M18)
A19: Вложения окупились (1 — да) | B19: ==IF(B14>=Ввод!$B$12,1,0) | C19: ==IF(C14>=Ввод!$B$12,1,0) | D19: ==IF(D14>=Ввод!$B$12,1,0) | E19: ==IF(E14>=Ввод!$B$12,1,0) | F19: ==IF(F14>=Ввод!$B$12,1,0) | G19: ==IF(G14>=Ввод!$B$12,1,0) | H19: ==IF(H14>=Ввод!$B$12,1,0) | I19: ==IF(I14>=Ввод!$B$12,1,0) | ... M19: ==IF(M14>=Ввод!$B$12,1,0)
A21: Месяц окупаемости | B21: ==IF(SUM(B19:M19)=0,"больше 12 мес.",13-SUM(B19:M19))
A22: Минимальный остаток денег | B22: ==MIN(B18:M18)
A23: Если минимальный остаток отрицательный — это кассовый разрыв: нужно больше собственных средств или кредит.
